 Dungeon Crawl Stone Soup version 0.29.1-15-g9cfb28693d (webtiles) character file.

Game seed: 7372489350335167819

99 firemarshallily the Chopper (level 4, 0/52 HPs)
             Began as a Demonspawn Gladiator on Mar 14, 2023.
             Was an Initiate of Gozag.
             Slain by a gnoll
             ... wielding a +0 flail
              (3 damage)
             ... on level 2 of the Dungeon.
             The game lasted 00:05:58 (1586 turns).

firemarshallily the Chopper (Demonspawn Gladiator)  Turns: 1586, Time: 00:05:58

Health: 0/52       AC:  4    Str: 17    XL:     4   Next: 45%
Magic:  4/4        EV: 12    Int:  9    God:    Gozag
Gold:   210        SH:  0    Dex: 14    Spells: 3/3 levels left

rFire   . . .      SeeInvis .   l - +0 hand axe
rCold   . . .      Faith    .   (no shield)
rNeg    . . .      Spirit   .   b - +0 leather armour
rPois   .          Reflect  .   c - +0 helmet
rElec   .          Harm     .   (no cloak)
rCorr   .          Rampage  .   (no gloves)
Will    .....                   (no boots)
Stlth   ..........              (no amulet)
HPRegen 0.17/turn               (no ring)
MPRegen 0.09/turn               (no ring)

@: mighty, berserking, very quick
A: ignite blood 1, powered by pain 1
a: Renounce Religion, Potion Petition, Call Merchant, Bribe Branch


You were on level 2 of the Dungeon.
You worshipped Gozag.
Gozag was aware of your devotion.
You visited 1 branch of the dungeon, and saw 2 of its levels.

You collected 210 gold pieces.

Inventory:

Hand Weapons
 a - a +0 war axe
 l - a +0 hand axe (weapon)
Missiles
 d - 3 throwing nets (quivered)
 k - 5 boomerangs
Armour
 b - a +0 leather armour (worn)
 c - a +0 helmet (worn)
 g - a +2 chain mail of fire resistance
Wands
 o - a wand of flame (25)
Scrolls
 f - 7 scrolls of identify {unknown}
 i - a scroll of fear {unknown}
 m - a scroll of noise {unknown}
Potions
 h - a potion of might
 j - a potion of invisibility {unknown}
 n - a potion of berserk rage
 p - a potion of brilliance {unknown}


   Skills:
 * Level 3.3 Fighting
 * Level 3.6 Axes
 - Level 1.7 Throwing
 + Level 1.4 Armour
 - Level 2.6 Dodging


You had 3 spell levels left.
You didn't know any spells.
Your spell library was empty.

Dungeon Overview and Level Annotations

Branches:
Dungeon (2/15)

Altars:
Gozag


Innate Abilities, Weirdness & Mutations

Your demonic aura sometimes causes spilled blood to erupt in flames.
You sometimes gain a little power by taking damage.


Message History

A gnoll is nearby!
You start resting.
A gnoll is nearby!
The gnoll shouts!
You hear a shout!
The gnoll shouts!
You slash the gnoll!
The gnoll is heavily wounded.
The gnoll hits you with a +0 club.
You hit the gnoll but do no damage.
The gnoll is heavily wounded.
The gnoll hits you with a +0 club.
You hit the gnoll.
The gnoll is severely wounded.
The gnoll barely misses you.
You closely miss the gnoll.
The gnoll is severely wounded.
The gnoll barely misses you. The gnoll hits you with a +0 club.
You closely miss the gnoll.
The gnoll is severely wounded.
Throw: javelin
Press: ? - help, Shift-Dir - straight line, f - gnoll
Aim: a gnoll, wielding a +0 whip (63% to hit)
You throw a javelin. The javelin closely misses the gnoll.
The javelin pierces through the gnoll but does no damage.
The gnoll is severely wounded.
The javelin pierces through the gnoll!
The gnoll is almost dead.
You hit the gnoll.
The gnoll is moderately wounded.
The gnoll hits you with a +0 flail!
* * * LOW HITPOINT WARNING * * *
It was a potion of might.
You feel very mighty all of a sudden. The gnoll barely misses you.
It was a potion of berserk rage.
A red film seems to cover your vision as you go berserk!
You feel yourself moving faster!
You feel mighty! The gnoll hits you with a +0 flail.
You die...
Your body crumbles into a pile of gold.

#...# #...# #...# #...#
############...##
#>..............#
####...######....# ......|#
####°# .......### #@#
.........# #g#####
....##.#.#######gg...#######
....##.#.........$$.....)...
.....[.##....##..$.......#
.....[###....##..........#
......# #....##.......)..#
......###....##.(.......g#
.............##...........#


You could see 3 gnolls.

Vanquished Creatures
  Natasha (D:2)
  A gnoll (D:2)
  4 adders (D:2)
  A dart slug (D:1)
  2 ball pythons (D:1)
  3 endoplasms (D:1)
  2 goblins (D:1)
  2 hobgoblins
  2 jackals (D:2)
  A quokka (D:1)
  2 bats (D:1)
  2 frilled lizards
  3 kobolds
  3 rats
29 creatures vanquished.

Notes
Turn   | Place    | Note
-------+----------+-------------------------------------------
     0 | D:1      | firemarshallily the Demonspawn Gladiator began the quest
                  | for the Orb.
     0 | D:1      | Reached XP level 1. HP: 16/16 MP: 1/1
   173 | D:1      | Gained mutation: You sometimes gain a little power by
                  | taking damage. [demonic ancestry]
   173 | D:1      | Reached XP level 2. HP: 17/22 MP: 2/2
   177 | D:1      | Found a faded altar of an unknown god.
   249 | D:1      | Prayed at the altar of an unknown god.
   249 | D:1      | Became a worshipper of Gozag Ym Sagoz the Greedy
   989 | D:2      | Reached XP level 3. HP: 27/28 MP: 3/3
  1025 | D:2      | Reached skill level 1 in Armour
  1352 | D:2      | Noticed Natasha
  1366 | D:2      | Killed Natasha
  1367 | D:2      | Gained mutation: Your demonic aura sometimes causes spilled
                  | blood to erupt in flames. [demonic ancestry]
  1367 | D:2      | Reached XP level 4. HP: 23/35 MP: 4/4
  1584 | D:2      | HP: 1/35 [gnoll/+0 flail (10)]
  1586 | D:2      | Slain by a gnoll

Illustrated notes

Levels and vault maps discovered:
D:1:      dpeg_arrival_erosion, layout_rooms,
          hellmonk_ecumenical_altar_pennies_from_heaven,
          minmay_stone_trees_medium, minmay_tetromino_s4
D:2:      layout_basic, uniq_natasha

Skill      XL: |  1  2  3 |
---------------+----------+-----
Axes           | 3 |  3.6
Armour         | 1 |  1.4
Fighting       | 3 |  3.3
Throwing       | |  1.7
Dodging        | |  2.6

Action                   |  1- 3 |  4- 6 || total
-------------------------+-------+-------++-------
Melee: War axe           |    37 |       ||    37
       Hand axe          |    51 |    19 ||    70
       Punch             |     1 |     1 ||     2
Throw: Javelin           |       |     1 ||     1
  Use: Potion            |       |     2 ||     2
 Stab: Sleeping          |     1 |       ||     1
Armor: Leather armour    |    21 |       ||    21
Dodge: Dodged            |    60 |    14 ||    74
